 Dungeon Crawl Stone Soup version 0.29.1-14-g9c671dbff4 (webtiles) character file.

Game seed: 4178552052352607573

200 tizbic2 the Gusty (level 5, 0/50 HPs)
             Began as an Ogre Air Elementalist on Feb 14, 2023.
             Slain by a kobold brigand
             ... wielding a +1 dagger of venom
              (3 damage)
             ... on level 3 of the Dungeon.
             The game lasted 00:16:54 (4157 turns).

tizbic2 the Gusty (Ogre Air Elementalist)           Turns: 4157, Time: 00:16:54

Health: 0/50       AC:  3    Str: 12    XL:     5   Next: 78%
Magic:  2/9        EV:  9    Int: 18    God:
Gold:   230        SH:  0    Dex:  9    Spells: 2/10 levels left

rFire   . . .      SeeInvis .   a - staff of earth
rCold   . . .      Faith    .   (no shield)
rNeg    . . .      Spirit   .   b - +0 robe
rPois   .          Reflect  .   (helmet restricted)
rElec   .          Harm     .   (no cloak)
rCorr   .          Rampage  .   (gloves unavailable)
Will    .....                   (boots unavailable)
Stlth   +.........              (no amulet)
HPRegen 0.16/turn               (no ring)
MPRegen 0.11/turn               (no ring)

@: lethally poisoned (0 -> -12)
A: large, unfitting armour, tough skin 1
a: no special abilities


You were on level 3 of the Dungeon.
You visited 1 branch of the dungeon, and saw 3 of its levels.

You collected 230 gold pieces.

Inventory:

Hand Weapons
 h - a +0 hand axe of venom
 q - a +2 flail of holy wrath
 w - a +0 sling
Missiles
 k - 3 poisoned darts
 p - 2 throwing nets
Armour
 b - a +0 robe (worn)
Magical Staves
 a - a staff of earth (weapon)
Jewellery
 o - a ring of ice
Wands
 i - a wand of flame (5)
Scrolls
 c - a scroll of noise
 m - a scroll of magic mapping {unknown}
Potions
 d - a potion of brilliance {unknown}
 f - a potion of curing
 g - a potion of degeneration {unknown}
 j - a potion of resistance
 l - a potion of attraction {unknown}
 n - a potion of haste {unknown}


   Skills:
 + Level 2.4 Fighting
 - Level 0.1(1.1) Maces & Flails
 * Level 2.0 Staves
 - Level 1.7 Dodging
 - Level 1.4 Stealth
 + Level 3.3 Spellcasting
 - Level 1.7 Conjurations
 * Level 3.6 Air Magic
 + Level 1.5 Earth Magic


You had 2 spell levels left.
You knew the following spells:

 Your Spells              Type           Power      Damage    Failure   Level
a - Shock                 Conj/Air       48%        1d6       5%          1
b - Static Discharge      Conj/Air       12%        3-5/arc   8%          2
c - Swiftness             Air            16%        N/A       11%         3
d - Poisonous Vapours     Pois/Air       18%        N/A       12%         2

Your spell library contained the following spells:

 Spells                   Type           Power      Damage    Failure   Level
 Sting                    Tmut/Pois      8%         1d3       16%         1
 Dazzling Flash           Conj/Hex       12%        N/A       32%         3
 Airstrike                Air            8%         2d(2-18)  34%         4
 Call Canine Familiar     Summ           2%         N/A       43%         3
 Gell's Gravitas          Tloc           2%         N/A       43%         3
 Portal Projectile        Hex/Tloc       4%         N/A       43%         3
 Teleport Other           Tloc           2%         N/A       43%         3
 Leda's Liquefaction      Hex/Erth       4%         N/A       75%         4
 Cause Fear               Hex            1%         N/A       85%         4
 Olgreb's Toxic Radiance  Pois           2%         N/A       85%         4
 Silence                  Hex/Air        4%         N/A       91%         5
 Agony                    Necr           2%         N/A       99%         5
 Dispersal                Tloc           1%         N/A       100%        6
 Dragon Form              Tmut           1%         N/A       100%        7
 Dragon's Call            Summ           1%         N/A       100%        9


Dungeon Overview and Level Annotations

Branches:
Dungeon (3/15)

Altars:

Annotations:
D:3 Grinder


Innate Abilities, Weirdness & Mutations

You are too large for most types of armour.
You have tough skin. (AC +1)


Message History

You miss something.
You feel sick.
You hear a zap.
Your will is overpowered!
You are confused.
You hit something but do no damage.
You feel sick. Something hits you.
You barely miss something.
You feel sick. Something completely misses you.
You bump into the translucent rock wall.
You feel sick. Something hits you.
You are more poisoned.
You hit something. Your punch misses something.
You feel very sick. Something hits you.
You bump into the rock wall.
You feel less confused.
You feel sick. Something hits you.
* * * LOW HITPOINT WARNING * * *
You are lethally poisoned!
It was a potion of curing.
You feel better. Something hits you!
* * * LOW HITPOINT WARNING * * *
Casting: Poisonous Vapours (safe; 12% risk of failure)
Confirm with . or Enter, or press ? or * to list all spells.
Okay, then.
Casting: Poisonous Vapours (safe; 12% risk of failure)
Confirm with . or Enter, or press ? or * to list all spells.
You don't have enough magic to cast this spell.
You miss something. Something hits you!
* * * LOW HITPOINT WARNING * * *
You are lethally poisoned!
Something hits you.
* * * LOW HITPOINT WARNING * * *
You are more poisoned.
You feel better. Something hits you.
* * * LOW HITPOINT WARNING * * *
You are lethally poisoned!
As you read the scroll labelled OFIFOU XUYZXA, it crumbles to dust.
It is a scroll of identify.
j - a potion of resistance
* * * LOW HITPOINT WARNING * * *
You feel very sick. Something hits you.
You die...

#)#.# ##.......#......† #.#.#
#........#....... #÷#.#
#........#....... #.#.#
#........#....... ..#.#
#####.............##. ..#.#
###........##...~~~.... ..#.#
#####...########~~~~~~~~~..
....###.....###)..######~~≈≈~~~~.
..#.....#####..{@......###≈≈≈####
....#####!)....###..)....#####.))
..... ....# #≈######......))..
...... ### ≈≈≈ ###.....###
....... ~~g~ ####### # ........
#~~~~~ ......... ####..
....#.###. ...


You could see a goblin.

Vanquished Creatures
  An orc priest (D:3)
  4 gnolls
  4 adders
  3 worms
  2 dart slugs
  7 orcs
  5 endoplasms
  A goblin (D:3)
  8 hobgoblins
  3 jackals (D:2)
  14 kobolds
  6 quokkas (D:2)
  3 ball pythons
  3 bats (D:1)
  2 frilled lizards (D:1)
  10 rats
76 creatures vanquished.

Vanquished Creatures (others)
  10 plants (D:1)
10 creatures vanquished.

Grand Total: 86 creatures vanquished

Notes
Turn   | Place    | Note
-------+----------+-------------------------------------------
     0 | D:1      | tizbic2 the Ogre Air Elementalist began the quest for the
                  | Orb.
     0 | D:1      | Reached XP level 1. HP: 16/16 MP: 3/3
   131 | D:1      | Reached skill level 1 in Conjurations
   433 | D:1      | Reached XP level 2. HP: 26/26 MP: 2/5
   597 | D:1      | Reached skill level 1 in Fighting
  1392 | D:2      | Reached XP level 3. HP: 33/33 MP: 5/7
  1485 | D:2      | Learned a level 2 spell: Static Discharge
  1489 | D:2      | Learned a level 3 spell: Swiftness
  1616 | D:2      | HP: 1/33 [/static electricity (2)]
  2014 | D:2      | Reached skill level 1 in Staves
  2015 | D:2      | Reached XP level 4. HP: 11/42 MP: 1/8
  2391 | D:2      | Reached skill level 1 in Earth Magic
  3048 | D:2      | Learned a level 2 spell: Poisonous Vapours
  3070 | D:3      | Reached XP level 5. HP: 38/49 MP: 3/9
  3345 | D:3      | Identified the +1 helmet of the Barnacle {-Cast Harm Fly
                  | rElec}
  3393 | D:3      | Noticed Grinder
  4139 | D:3      | Noticed a kobold brigand
  4157 | D:3      | Slain by a kobold brigand

Illustrated notes

Levels and vault maps discovered:
D:1:      lightli_arrival_windingriver, layout_basic
D:2:      layout_basic
D:3:      cheibrodos_thug_alley, layout_basic, uniq_robin, uniq_grinder

Skill      XL: |  1  2  3  4  5 |
---------------+----------------+-----
Conjurations   | 1 |  1.7
Air Magic      | 3 |  3.6
Fighting       | 1 2 |  2.4
Staves         | 1 2 |  2.0
Earth Magic    | 1 |  1.5
Spellcasting   | 3 |  3.3
Maces & Flails | |  0.1
Dodging        | |  1.7
Stealth        | |  1.4

Action                   |  1- 3 |  4- 6 || total
-------------------------+-------+-------++-------
Melee: Unarmed           |    12 |       ||    12
       Whip              |    30 |       ||    30
       Staff             |    28 |    80 ||   108
       Punch             |     1 |       ||     1
       Flail             |       |     8 ||     8
 Fire: Sling             |    14 |    10 ||    24
 Cast: Shock             |    38 |    20 ||    58
       Static Discharge  |     8 |    16 ||    24
       Swiftness         |     1 |       ||     1
       Poisonous Vapours |       |    13 ||    13
  Use: Potion            |     1 |     2 ||     3
       Scroll            |       |     3 ||     3
 Stab: Sleeping          |       |     1 ||     1
Armor: Robe              |    35 |    20 ||    55
Dodge: Dodged            |    55 |    42 ||    97
